 Dungeon Crawl Stone Soup version 0.23.2-1-ga50397a6bc (webtiles) character file.

Game seed: 16840221559353816932

112 FluffierThanThou the Covered (level 4, -1/41 HPs)
             Began as a Minotaur Fighter on May 17, 2019.
             Killed by Freeze
             ... invoked by TheAraber's ghost
              (13 damage)
             ... on level 3 of the Dungeon.
             The game lasted 00:03:59 (2348 turns).

FluffierThanThou the Covered (Minotaur Fighter)     Turns: 2348, Time: 00:04:00

Health: -1/41      AC:  7    Str: 27    XL:     4   Next: 64%
Magic:  3/3        EV:  8    Int:  5    God:
Gold:   223        SH: 10    Dex:  9    Spells: 3/3 levels left

rFire    . . .     SeeInvis +   a - +0 war axe
rCold    . . .     Gourm    .   c - +0 shield
rNeg     . . .     Faith    .   b - +0 scale mail
rPois    .         Spirit   .   (helmet restricted)
rElec    .         Reflect  .   (no cloak)
rCorr    .         Harm     .   (no gloves)
MR       .....                  (no boots)
Stlth    ..........             (no amulet)
HPRegen  0.13/turn              o - ring of see invisible
MPRegen  0.08/turn              (no ring)

@: mighty
A: retaliatory headbutt, horns 2
a: no special abilities


You were on level 3 of the Dungeon.
You were near starving.

You visited 1 branch of the dungeon, and saw 3 of its levels.

You collected 223 gold pieces.

Inventory:

Hand Weapons
 a - a +0 war axe (weapon)
Armour
 b - a +0 scale mail (worn)
 c - a +0 shield (worn)
Jewellery
 o - a ring of see invisible (left hand)
 q - an uncursed ring of magical power {unknown}
Wands
 m - a wand of iceblast (12)
Scrolls
 e - a scroll of remove curse
 h - a scroll of enchant weapon {unknown}
 i - 2 scrolls of teleportation {unknown}
 j - a scroll of blinking {unknown}
 k - a scroll of noise {unknown}
 l - 2 scrolls of amnesia {unknown}
 p - a scroll of identify {unknown}
Potions
 g - 2 potions of flight {unknown}
 n - 2 potions of curing {unknown}
 r - a potion of agility {unknown}
 s - a potion of lignification {unknown}
Comestibles
 f - 4 rations


   Skills:
 * Level 4.8 Fighting
 + Level 3.2 Axes
 * Level 4.8 Armour
 - Level 0.2 Dodging
 + Level 4.1 Shields


You had 3 spell levels left.
You didn't know any spells.
Your spell library was empty.

Dungeon Overview and Level Annotations

Branches:
Dungeon (3/15)

Altars:
Trog

Annotations:
D:3 TheAraber's ghost, amateur DrIE


Innate Abilities, Weirdness & Mutations

You reflexively headbutt those who attack you in melee.
You have a pair of horns on your head.


Message History

There is an open translucent door here.
You hit TheAraber's ghost.
TheAraber's ghost is lightly damaged.
You block TheAraber's ghost's attack.
You closely miss TheAraber's ghost. You headbutt TheAraber's ghost!
TheAraber's ghost is moderately damaged.
TheAraber's ghost points at you and mumbles some strange words.
You are frozen.
TheAraber's ghost points at you and mumbles some strange words.
The puff of frost hits you!
You barely miss TheAraber's ghost.
You headbutt TheAraber's ghost, but do no damage.
TheAraber's ghost is moderately damaged.
TheAraber's ghost points at you and mumbles some strange words.
You are frozen.
* * * LOW HITPOINT WARNING * * *
You feel very mighty all of a sudden.
TheAraber's ghost points at you and mumbles some strange words.
You are frozen.
You die...

####...## ##'## ###
#.....# ##...## #..
#.....#######.....## #..
#.....#.(.##.......## #..
##....#.≈.#.........####.
##...#.≈.#.........'....
#...#.≈.#.........#.##.
#.#.#.W.##.......##.##.
####.####@####.....###.##.
#......>...# ##...## #.##.
#.#...##..## ##'## #.###
#.#...##.## #.# #.###
#.#...##.# #.# #....
#.##.###.# ##.## #####
#.#...##.## ##...## #
#...#.....# #.....# #
#...#...#.# ##...## #


You could see TheAraber's ghost.

Vanquished Creatures
  2 adders
  3 gnolls (D:2)
  An ooze (D:1)
  A worm (D:2)
  A leopard gecko (D:1)
  8 bats
  2 giant cockroaches
  6 hobgoblins
  2 jackals (D:1)
  11 kobolds
  4 frilled lizards
  6 goblins
  9 rats (D:1)
56 creatures vanquished.

Notes
Turn   | Place    | Note
-------+----------+-------------------------------------------
     0 | D:1      | FluffierThanThou the Minotaur Fighter began the quest for
                  | the Orb.
     0 | D:1      | Reached XP level 1. HP: 19/19 MP: 0/0
    17 | D:1      | Reached XP level 2. HP: 27/27 MP: 1/1
   342 | D:1      | Reached XP level 3. HP: 33/33 MP: 2/2
   786 | D:2      | Reached XP level 4. HP: 41/41 MP: 3/3
  1121 | D:2      | Found a bloodstained altar of Trog.
  1604 | D:3      | Found a runed translucent door.
  2341 | D:3      | Noticed TheAraber's ghost (amateur DrIE)
  2348 | D:3      | Killed from afar by TheAraber's ghost

Skill      XL: |  1  2  3 |
---------------+----------+-----
Fighting       | 4 |  4.8
Armour         | 4 |  4.8
Axes           | 3 |  3.2
Shields        | 4 |  4.1
Dodging        | |  0.2

Action                   |  1- 3 |  4- 6 || total
-------------------------+-------+-------++-------
Melee: War axe           |    59 |    53 ||   112
       Headbutt          |     7 |    13 ||    20
  Use: Scroll            |       |     2 ||     2
       Potion            |       |     1 ||     1
  Eat: Chunk             |       |     3 ||     3
Armor: Scale mail        |    39 |    19 ||    58
Dodge: Dodged            |    24 |    13 ||    37
Block: Shield            |    47 |    27 ||    74
